 Dungeon Crawl Stone Soup version 0.28.0-47-ge53b351184 (webtiles) character file.

Game seed: 16470543264626978737

112 GigaChad the Covered (level 4, 0/40 HPs)
             Began as a Minotaur Fighter on May 2, 2022.
             Was a Believer of Kikubaaqudgha.
             Succumbed to an adder's poison
             ... on level 3 of the Dungeon.
             The game lasted 00:05:51 (1705 turns).

GigaChad the Covered (Minotaur Fighter)             Turns: 1705, Time: 00:05:51

Health: 0/40       AC:  7    Str: 20    XL:     4   Next: 63%
Magic:  0/1        EV:  9    Int:  5    God:    Kikubaaqudgha [**....]
Gold:   86         SH:  5    Dex: 12    Spells: 3/3 levels left

rFire   . . .      SeeInvis .   j - +5 dagger of Zasmyos {antimagic, +Blink rElec rN+}
rCold   . . .      Faith    .   c - +0 buckler
rNeg    + . .      Spirit   .   b - +0 scale mail
rPois   .          Reflect  .   (helmet restricted)
rElec   +          Harm     .   (no cloak)
rCorr   +          Rampage  .   (no gloves)
Will    .....                   (no boots)
Stlth   ..........              (no amulet)
HPRegen 0.13/turn               k - ring of resist corrosion
MPRegen 0.07/turn               (no ring)

@: lethally poisoned (0 -> -4), on blink cooldown
A: horns 2, retaliatory headbutt
a: Renounce Religion, Evoke Blink, Receive Corpses


You were on level 3 of the Dungeon.
You worshipped Kikubaaqudgha.
Kikubaaqudgha was pleased with you.
You visited 1 branch of the dungeon, and saw 3 of its levels.

You collected 86 gold pieces.

Inventory:

Hand Weapons
 a - a +0 long sword
 j - the +5 dagger of Zasmyos (weapon) {antimagic, +Blink rElec rN+}
   (You found it on level 2 of the Dungeon)

   It reduces the magical energy of the wielder, and disrupts the spells and
   magical abilities of those it strikes.
   Natural abilities and divine invocations are not affected.
   rElec:     It insulates you from electricity.
   rN:        It protects you from negative energy.
   +Blink:    It lets you blink.
Armour
 b - a +0 scale mail (worn)
 c - a +0 buckler (worn)
Jewellery
 k - a ring of resist corrosion (left hand)
Scrolls
 g - a scroll of summoning {unknown}
 i - a scroll of enchant weapon {unknown}
Potions
 d - a potion of might
 f - a potion of haste {unknown}
 h - a potion of heal wounds {unknown}


   Skills:
 + Level 4.2 Fighting
 + Level 0.1(1.8) Short Blades
 + Level 3.4 Long Blades
 + Level 5.0 Armour
 + Level 0.6 Dodging
 + Level 0.1 Stealth
 + Level 4.2 Shields


You had 3 spell levels left.
You didn't know any spells.
Your spell library contained the following spells:

 Spells                   Type           Power      Damage    Failure   Level
 Animate Skeleton         Necr           0%         N/A       88%         1
 Pain                     Necr           0%         1d4       88%         1
 Sublimation of Blood     Necr           0%         N/A       96%         2
 Agony                    Necr           0%         N/A       100%        5


Dungeon Overview and Level Annotations

Branches:
Dungeon (3/15)

Altars:
Kikubaaqudgha

Shops:
D:2 ?


Innate Abilities, Weirdness & Mutations

You have a pair of horns on your head.
You reflexively headbutt those who attack you in melee.


Message History

You hit the bullfrog skeleton. You headbutt the bullfrog skeleton.
The bullfrog skeleton is heavily damaged.
The adder bites you but does no damage.
The hobgoblin hits you but does no damage.
The orc hits you but does no damage. You block the orc's attack.
The bullfrog skeleton hits you but does no damage.
You block the adder's attack. You block the dart slug's attack.
The orc hits you with a +0 war axe.
You puncture the bullfrog skeleton! You headbutt the bullfrog skeleton.
You destroy the bullfrog skeleton!
Kikubaaqudgha accepts your kill. You block the hobgoblin's attack.
The orc hits you but does no damage. The orc barely misses you.
You furiously retaliate!
You headbutt the orc. The adder bites you but does no damage.
Your Armour skill increases to level 5!
As you read the scroll of fog, it crumbles to dust.
The scroll dissolves into smoke.
The orc completely misses you. The adder bites you.
The hobgoblin closely misses you. The orc barely misses you.
The orc closely misses you. You furiously retaliate!
You headbutt the orc!
You kill the orc!
Kikubaaqudgha accepts your kill. The dart slug launches a dart at you.
The slug dart hits you. The adder bites you.
* * * LOW HITPOINT WARNING * * *
The orc closely misses you. The hobgoblin hits you.
* * * LOW HITPOINT WARNING * * *
The dart slug launches a dart at you. The slug dart hits you.
* * * LOW HITPOINT WARNING * * *
The adder bites you.
* * * LOW HITPOINT WARNING * * *
You are lethally poisoned!
The adder poisons you!
Things that are here:
a +0 trident; a +0 ring mail; an orc corpse You blink.
You die...
Kikubaaqudgha rasps: "You have failed me!
Welcome... death!"

# ####.#...
..........#..............
..........#@#............
..........#.#[..........
............#.........#
..........###.........###
.?...§§§§...............#
.....§§So§.............#
.....§§§o§†......<.....#
.....§§gw§..............#
.........§............###


You could see an adder and 2 orcs.

Vanquished Creatures
  A bullfrog skeleton (D:3)
  3 adders (D:2)
  A worm (D:2)
  2 dart slugs
  2 orcs (D:3)
  3 bats
  4 endoplasms
  A giant cockroach (D:1)
  6 goblins
  4 hobgoblins
  2 quokkas
  5 ball pythons
  5 frilled lizards (D:2)
  5 kobolds
  4 rats (D:2)
48 creatures vanquished.

Vanquished Creatures (others)
  2 fungi (D:1)
  3 plants (D:1)
5 creatures vanquished.

Grand Total: 53 creatures vanquished

Notes
Turn   | Place    | Note
-------+----------+-------------------------------------------
     0 | D:1      | GigaChad the Minotaur Fighter began the quest for the Orb.
     0 | D:1      | Reached XP level 1. HP: 19/19 MP: 0/0
   175 | D:1      | Reached skill level 4 in Armour
   181 | D:1      | Reached XP level 2. HP: 27/27 MP: 1/1
   196 | D:1      | Found a faded altar of an unknown god.
   211 | D:1      | Prayed at the altar of an unknown god.
   211 | D:1      | Became a worshipper of Kikubaaqudgha
   211 | D:1      | Reached * piety under Kikubaaqudgha
   211 | D:1      | Received a gift from Kikubaaqudgha
   499 | D:2      | Reached XP level 3. HP: 16/33 MP: 2/2
  1026 | D:2      | Identified the +5 dagger of Zasmyos {antimagic, +Blink
                  | rElec rN+}
  1136 | D:2      | Found Rouriubroo's Magic Scroll Shop.
  1249 | D:2      | Reached ** piety under Kikubaaqudgha
  1255 | D:2      | Reached XP level 4. HP: 36/40 MP: 1/3
  1703 | D:3      | Reached skill level 5 in Armour
  1704 | D:3      | HP: 1/40 [adder (4)]
  1705 | D:3      | Succumbed to an adder's poison

Illustrated notes

Levels and vault maps discovered:
D:1:      lemuel_arrival_behind_the_door_large, layout_basic,
          dreamdust_ecumenical_altar_grove, minmay_tree_intersection
D:2:      minmay_chambers_of_twos, layout_basic, serial_shops, shop
D:3:      minmay_wonky_spiral, layout_basic, cheibrodos_sewer_entry_bend,
          kennysheep_path_1

Skill      XL: |  1  2  3  4 |
---------------+-------------+-----
Armour         | 4 5 |  5.0
Fighting       | 4 |  4.2
Shields        | 4 |  4.2
Long Blades    | 3 |  3.4
Short Blades   | |  0.1
Dodging        | |  0.6
Stealth        | |  0.1

Action                   |  1- 3 |  4- 6 || total
-------------------------+-------+-------++-------
Melee: Long sword        |    59 |       ||    59
       Headbutt          |     8 |     4 ||    12
       Dagger            |    10 |    13 ||    23
 Abil: Evoke Blink       |       |     1 ||     1
  Use: Scroll            |     1 |     1 ||     2
Armor: Scale mail        |    36 |    16 ||    52
Dodge: Dodged            |    41 |    16 ||    57
Block: Buckler           |    18 |    10 ||    28
